 Dungeon Crawl Stone Soup version 0.19.0 (webtiles) character file.

1110 TheGoonsmith the Chopper (level 8, -2/64 HPs)
             Began as a Formicid Fighter on Nov 13, 2016.
             Slain by an ogre
             ... wielding a cursed -1 giant club
              (16 damage)
             ... on level 5 of the Dungeon.
             The game lasted 00:07:06 (3688 turns).

TheGoonsmith the Chopper (Formicid Fighter)         Turns: 3688, Time: 00:07:07

Health: -2/64      AC: 12    Str: 22    XL:     8   Next: 59%
Magic:  8/8        EV:  9    Int:  9    God:
Gold:   194        SH: 10    Dex: 10    Spells: 0 memorised, 7 levels left

rFire  . . .     SeeInvis +     a - +1 war axe
rCold  . . .     Gourm    .     p - +0 chain mail
rNeg   . . .     Faith    .     c - +0 shield
rPois  .         Spirit   .     (helmet unavailable)
rElec  .         Reflect  .     (no cloak)
rCorr  .         Harm     .     g - +2 pair of gloves
MR     .....                    (no boots)
Stlth  ..........               (no amulet)
                                (no ring)
                                s - +2 ring of evasion

@: no status effects
A: permanent stasis, dig shafts and tunnels, four strong arms, antennae 3
a: Dig, Shaft Self


You were on level 5 of the Dungeon.
You were not hungry.

You visited 1 branch of the dungeon, and saw 5 of its levels.

You collected 326 gold pieces.
You spent 132 gold pieces at shops.

Inventory:

Hand Weapons
 a - a +1 war axe (weapon)
Missiles
 z - 5 tomahawks (quivered)
Armour
 b - a +0 scale mail
 c - a +0 shield (worn)
 g - a +2 pair of gloves (worn)
 h - a +0 plate armour
 p - a +0 chain mail (worn)
Jewellery
 s - a +2 ring of evasion (left hand)
Wands
 C - a wand of iceblast (11/15)
Scrolls
 l - 2 scrolls of identify
 w - 4 scrolls of remove curse
Potions
 d - a potion of berserk rage {unknown}
 e - a potion of ambrosia {unknown}
 j - 2 potions of curing
 k - a potion of agility {unknown}
 m - a potion of mutation {unknown}
 o - a potion of haste {unknown}
 q - a potion of might
 u - a potion of lignification {unknown}
 A - a potion of brilliance {unknown}
Comestibles
 f - 6 bread rations
 i - 6 fruits
 n - 8 chunks of flesh
 x - 3 meat rations


   Skills:
 + Level 6.1 Fighting
 * Level 7.0 Axes
 - Level 3.2 Armour
 + Level 6.9 Shields


You had 7 spell levels left.
You didn't know any spells.

Dungeon Overview and Level Annotations

Branches:
Dungeon (5/15)
 Temple: D:4-7

Altars:
Cheibriados
Okawaru
Trog

Shops:
D:4 *

Annotations:
D:3 exclusion: rat


Innate Abilities, Weirdness & Mutations

You are under a permanent stasis effect.
You can dig through walls and to a lower floor.
Your four strong arms can wield two-handed weapons with a shield.
You have a pair of large antennae on your head. (SInv)


Message History

The iguana bites you but does no damage.
You completely miss the iguana. The iguana closely misses you.
You slash the iguana!
The iguana is severely wounded.
You block the iguana's attack. The ogre closely misses you.
You hit the iguana.
You kill the iguana!
Your Axes skill increases to level 7!
You slash the ogre! You closely miss the ogre.
The ogre is moderately wounded.
The ogre hits you with a giant club!!
* * * LOW HITPOINT WARNING * * *
Your chain mail prevents you from hitting the ogre.
The ogre is moderately wounded.
The ogre barely misses you.
You hit the ogre.
The ogre is severely wounded.
The ogre hits you with a giant club!
You die...

#....# #.### ####.##
####.>..
#..####.....###
##...##.#......
#####.......#
.......?.รท.##.#
########...# #
###..#.##.#
........@O.#
###.............#
#####......####......#
#...#.....## ###.#.)..
#.....##.... .. ...
#........... ... .>
#.........# #.. #
##.........# .#.
#..........#


You could see an ogre.

Vanquished Creatures
  The ghost of Jimmy the Conjurer, an amateur DECj (D:4)
  Sigmund (D:3)
  Edmund (D:4)
  A centaur (D:5)
  An ogre (D:4)
  2 howler monkeys (D:5)
  2 bullfrog skeletons (D:5)
  A hound (D:4)
  An orc wizard (D:4)
  2 iguanas
  2 worker ants (D:5)
  3 gnolls (D:4)
  8 adders
  An ooze (D:3)
  2 worms (D:3)
  3 dart slugs
  5 leopard geckos
  10 orcs
  A ball python (D:2)
  8 bats
  5 giant cockroaches
  9 hobgoblins
  14 jackals
  2 quokkas
  7 frilled lizards
  7 goblins
  A jackal skeleton (D:4)
  4 kobolds
  A quokka skeleton (D:4)
  10 rats
116 creatures vanquished.

Notes
Turn   | Place    | Note
-------+----------+-------------------------------------------
     0 | D:1      | TheGoonsmith the Formicid Fighter began the quest for the Orb.
     0 | D:1      | Reached XP level 1. HP: 18/18 MP: 1/1
   310 | D:1      | Reached XP level 2. HP: 18/24 MP: 2/2
   520 | D:1      | Reached XP level 3. HP: 29/29 MP: 3/3
   992 | D:2      | Reached skill level 3 in Axes
   999 | D:2      | Reached XP level 4. HP: 13/37 MP: 4/4
  1847 | D:3      | Reached XP level 5. HP: 20/42 MP: 5/5
  2051 | D:3      | Found a snail-covered altar of Cheibriados.
  2101 | D:3      | Noticed a moth of wrath
  2104 | D:3      | Found a bloodstained altar of Trog.
  2137 | D:3      | Noticed Sigmund
  2148 | D:3      | Killed Sigmund
  2148 | D:3      | Reached skill level 4 in Axes
  2148 | D:3      | Reached skill level 5 in Shields
  2148 | D:3      | Reached XP level 6. HP: 48/49 MP: 6/6
  2387 | D:4      | Reached skill level 5 in Axes
  2407 | D:4      | Noticed Jimmy's ghost (amateur DECj)
  2433 | D:4      | Killed Jimmy's ghost
  2433 | D:4      | Reached skill level 5 in Fighting
  2433 | D:4      | Reached XP level 7. HP: 7/56 MP: 7/7
  2846 | D:4      | Found an iron altar of Okawaru.
  2861 | D:4      | Found Suskiphe's Assorted Antiques.
  2861 | D:4      | Noticed Edmund
  2895 | D:4      | Killed Edmund
  2895 | D:4      | Reached skill level 6 in Axes
  2901 | D:4      | Bought 3 scrolls labeled SINKOFEKLO for 99 gold pieces
  2901 | D:4      | Bought a scroll labeled YHILAU IBLY for 33 gold pieces
  3188 | D:4      | Reached XP level 8. HP: 62/62 MP: 8/8
  3504 | D:5      | Entered Level 5 of the Dungeon
  3685 | D:5      | Reached skill level 7 in Axes
  3688 | D:5      | Slain by an ogre

Skill      XL: |  1  2  3  4  5  6  7  8 |
---------------+-------------------------+-----
Shields        | 4 5 6 |  6.9
Axes           | 3 4 5 6 7 |  7.0
Fighting       | 4 5 6 |  6.1
Armour         | |  3.2

Action                   |  1- 3 |  4- 6 |  7- 9 || total
-------------------------+-------+-------+-------++-------
Melee: War axe           |   121 |   181 |   144 ||   446
  Use: Potion            |       |     2 |       ||     2
       Scroll            |       |       |    10 ||    10
 Stab: Distracted        |       |     1 |       ||     1
  Eat: Chunk             |       |     5 |     5 ||    10
Armor: Scale mail        |    46 |       |       ||    46
       Chain mail        |    28 |    88 |    61 ||   177
       Plate armour      |    17 |       |       ||    17
Dodge: Dodged            |    57 |    45 |    47 ||   149
Block: Shield            |    74 |    88 |    79 ||   241
